AoeStats
← 小奶狗

Arena

509153892Analyzed
4v4 RM · 8d ago on Sep 25, 2026· 38m 54s· 8 players
Game mode
Random Map
Map size
Large (8 player)
Population
200
Speed
Normal
Resources
Standard
Victory
Conquest
Starting age
Dark Age
Ending age
Imperial Age
RankedLock teamsTeams togetherTeam positionsShared explorationLock speedFull tech treeHidden civsTurbo modeCheats
Victory
Defeat
1145
+12
🇬🇧 Saxons · United Kingdom
1096
+14
🇺🇸 Portuguese · United States
1063
+16
🇵🇪 Spanish · Peru
1061
+16
🇹🇼 Byzantines · Taiwan
1097
-16
🇦🇷 Spanish · Argentina
1057
-14
🇹🇼 Malians · Taiwan
1049
-14
🇹🇼 Persians · Taiwan
1047
-14
A Potato
10:43 Feudal Age
14:41 Castle Age
13:03 Double-Bit Axe
15:43 Bow Saw
15:16 Horse Collar
17:27 Wheelbarrow
18:48 Loom
22:25 Gold Mining
22:25 Stone Mining
22:54 Fletching
23:04 Padded Archer Armor
24:20 Hand Cart
23:50 Town Watch
24:48 Heavy Plow
25:34 Crossbowman
27:38 Ballistics
30:08 Imperial Age
28:08 Thumb Ring
29:38 Pikeman
30:51 Bodkin Arrow
31:12 Leather Archer Armor
30:18 Arbalester
32:04 Chemistry
32:19 Bracer
32:49 Ring Archer Armor
32:14 Halberdier
34:11 Masonry
david.down
8:42 Loom
10:34 Feudal Age
11:19 Double-Bit Axe
15:34 Castle Age
13:24 Horse Collar
14:12 Stone Mining
14:44 Gold Mining
16:34 Bow Saw
22:40 Wheelbarrow
23:27 Heavy Plow
23:54 Hand Cart
25:38 Scale Mail Armor
26:18 Fletching
26:37 Scale Barding Armor
26:26 Elite Skirmisher
27:52 Bodkin Arrow
28:34 Bloodlines
28:42 Chain Mail Armor
32:54 Imperial Age
31:26 Masonry
33:17 Padded Archer Armor
33:27 Forging
33:38 Chain Barding Armor
33:06 Cavalier
34:41 Gold Shaft Mining
34:12 Bracer
33:44 Capped Ram
36:49 Hoardings
38:38 Two-Man Saw
38:11 Crop Rotation
38:20 Iron Casting
38:16 Plate Mail Armor
38:09 Husbandry
39:20 Conscription
38:52 Elite Hearth Troop
Azom
11:36 Feudal Age
16:01 Castle Age
14:03 Horse Collar
19:47 Town Watch
23:55 Imperial Age
22:03 Fortified Wall
22:35 Gold Mining
25:52 Chemistry
30:42 Padded Archer Armor
31:06 Double-Bit Axe
31:54 Leather Archer Armor
33:11 Ring Archer Armor
35:06 Scale Barding Armor
36:05 Chain Barding Armor
35:36 Light Cavalry
37:26 Wheelbarrow
38:04 Plate Barding Armor
39:14 Husbandry
Si me criticas te fedeo
0:29 Loom
10:02 Feudal Age
11:04 Horse Collar
18:06 Castle Age
19:58 Wheelbarrow
19:49 Double-Bit Axe
30:37 Imperial Age
28:58 Padded Archer Armor
28:49 Fletching
29:17 Hand Cart
29:36 Gold Mining
31:01 Leather Archer Armor
30:41 Bodkin Arrow
31:51 Gold Shaft Mining
32:37 Chemistry
33:06 Bracer
33:37 Ring Archer Armor
33:46 Siege Engineers
34:07 Town Watch
37:48 Yeomen
36:49 Elite Longbowman
37:50 Conscription
38:52 Bow Saw
BITCOIN_
10:06 Feudal Age
13:01 Loom
17:10 Castle Age
18:17 Horse Collar
19:37 Padded Archer Armor
22:18 Bloodlines
29:18 Leather Archer Armor
虎戰
2:34 Loom
12:00 Feudal Age
16:51 Castle Age
14:55 Double-Bit Axe
14:54 Horse Collar
17:08 Forging
24:33 Wheelbarrow
24:28 Bow Saw
27:11 Imperial Age
26:29 Fletching
30:34 Pikeman
32:53 Iron Casting
32:24 Scale Barding Armor
33:01 Husbandry
32:53 Light Cavalry
34:15 Heavy Camel Rider
36:41 Conscription
37:31 Chain Barding Armor
莖鋼狼
0:28 Loom
11:13 Feudal Age
16:27 Castle Age
16:26 Double-Bit Axe
23:20 Pikeman
30:15 Imperial Age
28:02 Horse Collar
29:09 Kamandaran
29:08 Crossbowman
32:20 Wheelbarrow
31:31 Town Watch
32:19 Conscription
35:05 Thumb Ring
34:25 Elite War Elephant
37:53 Ballistics
38:33 Chemistry
37:54 Bow Saw
37:37 Fletching
39:07 Gold Mining
39:08 Stone Mining
39:21 Bodkin Arrow
39:28 Scale Mail Armor
小奶狗
0:26 Loom
11:46 Feudal Age
15:46 Castle Age
13:50 Double-Bit Axe
14:42 Stone Mining
23:53 Bow Saw
25:03 Gold Mining
30:10 Imperial Age
27:27 Horse Collar
28:25 Forging
28:15 Scale Mail Armor
29:46 Gold Shaft Mining
31:10 Iron Casting
31:19 Conscription
32:46 Chain Mail Armor
34:07 Fletching
34:17 Padded Archer Armor
35:54 Wheelbarrow
35:05 Town Watch
35:27 Heavy Plow
35:04 Elite Gbeto
36:37 Bodkin Arrow
36:58 Leather Archer Armor
36:22 Elite Skirmisher
37:09 Thumb Ring
39:53 Chemistry
Connection lost

Rejoining the realm…

Still unreachable

The connection could not be restored.

Session expired

The server has moved on; the page needs a fresh start.